 Dungeon Crawl Stone Soup version 0.20.1-1-g8b1a95d (webtiles) character file.

45 Linguinho the Sneak (level 3, 0/19 HPs)
             Began as a Deep Elf Enchanter on Nov 1, 2017.
             Shot with a stone by a goblin (2 damage)
             ... led by Robin
             ... on level 2 of the Dungeon on Nov 2, 2017.
             The game lasted 00:04:38 (1848 turns).

Linguinho the Sneak (Deep Elf Enchanter)            Turns: 1848, Time: 00:04:39

Health: 0/19       AC:  2    Str:  5    XL:     3   Next: 42%
Magic:  9/9        EV: 13    Int: 19    God:
Gold:   55         SH:  0    Dex: 16    Spells: 2/8 levels left

rFire    . . .     SeeInvis .   a - +1 dagger
rCold    . . .     Gourm    .   (no shield)
rNeg     . . .     Faith    .   b - +0 robe
rPois    .         Spirit   .   (no helmet)
rElec    .         Reflect  .   (no cloak)
rCorr    .         Harm     .   (no gloves)
MR       .....                  (no boots)
Stlth    +++.......             (no amulet)
Regen    0.1/turn               (no ring)
MPRegen  0.2/turn               (no ring)

@: no status effects
A: no striking features
a: no special abilities


You were on level 2 of the Dungeon.
You were not hungry.

You visited 1 branch of the dungeon, and saw 2 of its levels.

You collected 55 gold pieces.

Inventory:

Hand Weapons
 a - a +1 dagger (weapon)
Armour
 b - a +0 robe (worn)
Scrolls
 g - a scroll of random uselessness {unknown}
 i - a scroll of teleportation {unknown}
 k - 2 scrolls of blinking {unknown}
 m - a scroll of fog {unknown}
Potions
 e - 3 potions of heal wounds {unknown}
 f - 2 potions of flight {unknown}
 h - a potion of magic {unknown}
 j - a potion of haste {unknown}
 l - a potion of resistance {unknown}
Books
 c - a book of Maledictions

   Spells                             Type                      Level
   a - Corona                         Hexes                        1
   b - Ensorcelled Hibernation        Hexes/Ice                    2
   c - Confuse                        Hexes                        3
   d - Tukima's Dance                 Hexes                        3
   e - Dazzling Spray                 Conjuration/Hexes            3
Comestibles
 d - a bread ration
 n - a chunk of flesh


   Skills:
 + Level 0.2 Fighting
 + Level 1.7 Short Blades
 + Level 2.8 Dodging
 + Level 4.3 Stealth
 + Level 3.4 Spellcasting
 + Level 4.2 Hexes


You had 2 spell levels left.
You knew the following spells:

 Your Spells              Type           Power        Failure   Level  Hunger
a - Corona                Hex            ###....      2%          1    None
b - Ensorcelled Hibernat  Hex/Ice        ##....       9%          2    ##.....
c - Tukima's Dance        Hex            ###.....     8%          3    ###....


Dungeon Overview and Level Annotations

Branches:
Dungeon (2/15)

Altars:
Xom

Annotations:
D:2 Robin


Message History

Found 10 arrows.
The goblin hits you with a club.
The goblin no longer looks unusually strong.
Found a stone staircase leading down and a stone staircase leading up.
A worm comes into view.
The goblin shoots a stone.
The stone hits you.
* * * LOW HITPOINT WARNING * * *
Found a cyan potion.
You see here a stone.
A leopard gecko comes into view.
A hobgoblin comes into view. It is wielding a club.
The goblin shoots a stone.
The stone hits you but does no damage.
You see here a stone.
The goblin shoots a stone.
The stone hits you.
* * * LOW HITPOINT WARNING * * *
You see here a stone.
The goblin shoots a stone.
The stone hits you.
* * * LOW HITPOINT WARNING * * *
The goblin shoots a stone.
The stone hits you.
You die...

#############
##.....#.....#
##.............
#......!........#
#....<@>........#
#.....g.........#
#.....w(........#
#.l.....(........#
#...............#
##.#g....#...(.#####
#........(g........
...######....####
#.# ####..#


You could see a worm, a leopard gecko (sleeping), a hobgoblin and 2 goblins.

Vanquished Creatures
  An adder (D:2)
  3 dart slugs (D:1)
  A leopard gecko (D:2)
  2 giant cockroaches (D:1)
  A goblin (D:2)
  3 hobgoblins
  2 jackals (D:1)
  2 ball pythons (D:1)
  3 bats (D:1)
  2 frilled lizards (D:1)
  3 kobolds (D:1)
  7 rats
30 creatures vanquished.

Notes
Turn   | Place    | Note
-------+----------+-------------------------------------------
     0 | D:1      | Linguinho the Deep Elf Enchanter began the quest for the Orb.
     0 | D:1      | Reached XP level 1. HP: 10/10 MP: 6/6
   328 | D:1      | Found a shimmering altar of Xom.
   384 | D:1      | Reached XP level 2. HP: 8/15 MP: 6/8
  1316 | D:1      | Reached XP level 3. HP: 3/19 MP: 7/9
  1550 | D:1      | Learned a level 2 spell: Ensorcelled Hibernation
  1554 | D:1      | Learned a level 3 spell: Tukima's Dance
  1814 | D:2      | Noticed Robin
  1848 | D:2      | Shot with a stone by a goblin

Skill      XL: |  1 |
---------------+----+-----
Stealth        | 4 |  4.3
Fighting       | |  0.2
Short Blades   | |  1.7
Dodging        | |  2.8
Spellcasting   | |  3.4
Hexes          | |  4.2

Action                   || total
-------------------------++-------
Melee: Dagger            ||   115
 Cast: Corona            ||    25
       Ensorcelled Hiber ||     5
 Stab: Sleeping          ||    13
  Eat: Chunk             ||     3
Armor: Robe              ||    21
Dodge: Dodged            ||    93
